Description

This is a fast 3 base build with a lot of strong transition possibilities (such as Colossus) but is mainly meant for Disruptors (and other drops). If you go for Colossi, I would recommend building the Robo Bay before 3rd Nexus

Versus Protoss, build the Forge earlier.

Build Order

Get SALT Encoding   

  13  0:14  Pylon  
  16  0:55  Nexus  
  17  1:09  Gateway  
  18  1:21  Assimilator  
  19  1:29  Assimilator  
  20  1:44  Gateway  
  22  1:58  Cybernetics Core  
  28  2:34  Adept x2 (Chrono Boost)  
  32  2:38  Mothership Core  
  32  2:39  Warp Gate (Chrono Boost)  
  35  2:48  Pylon  mineral line main
  37  3:00  Assimilator  
  37  3:08  Stalker x2  
  44  3:22  Pylon  
  44  3:29  Robotics Facility  
  47  3:45  Stalker x2  
  51  3:48  Pylon x2  
  51  3:56  Assimilator  
  54  4:08  Forge  
  54  4:14  Twilight Council  
  57  4:19  Observer (Chrono Boost)  
  59  4:32  Gateway x2  
  60  4:44  Immortal  
  64  4:46  Protoss Ground Weapons Level 1 (Chrono Boost)  
  64  4:51  Blink  
  64  5:05  Nexus  
  64  5:08  Pylon  
  65  5:20  Stalker x2  
  69  5:40  Pylon x2  at ramp of 3rd base
  69  5:41  Robotics Bay  
Spawning Tool Build Advisor. Get it on Overwolf

Analysis

Disruptor harassment into any transition

Go to:

Details

  • Created by: InsaneToxic  
  • Published on: Dec 21, 2016
  • Modified on: Dec 21, 2016
  • Patch: Pre-3.8.0
Show
View Real Time Build Order
Export as new Build Order

Comments (0)

There are no comments. Be the first!

Create an account to comment!